 Dungeon Crawl Stone Soup version 0.30.0-29-ga12c61a403 (webtiles) character file.

Game seed: 1402874404988245489

7 olmar the Grave Robber (level 1, 0/13 HPs)
             Began as a Mummy Necromancer on June 11, 2023.
             Slain by an endoplasm (2 damage)
             ... on level 1 of the Dungeon.
             The game lasted 00:00:39 (203 turns).

olmar the Grave Robber (Mummy Necromancer)           Turns: 203, Time: 00:00:40

Health: 0/13       AC:  2    Str: 11    XL:     1   Next: 91%
Magic:  1/4        EV: 12    Int: 14    God:
Gold:   29         SH:  0    Dex: 12    Spells: 4/5 levels left

rFire   x . .        (no weapon)
rCold   + . .        (no shield)
rNeg    + + +        a - +0 robe
rPois   ∞            (no helmet)
rElec   .            (no cloak)
rCorr   .            (no gloves)
SInv    .            (no boots)
Will    .....        (no amulet)
Stlth   ++           (no ring)
HPRegen 0.22/turn    (no ring)
MPRegen 0.09/turn

%: faith
@: no status effects
A: cold resistance 1, negative energy resistance 3, torment resistance 2, heat
vulnerability 1, no potions, faith
a: no special abilities


You were on level 1 of the Dungeon.
You visited 1 branch of the dungeon, and saw 1 of its levels.

You collected 29 gold pieces.

Inventory:

Missiles
 d - 5 javelins (quivered)
Armour
 a - a +0 robe (worn)
Scrolls
 b - a scroll of enchant armour {unknown}
 c - a scroll of amnesia {unknown}


   Skills:
 - Level 1.5 Dodging
 - Level 1.5 Stealth
 + Level 2.9 Spellcasting
 + Level 4.3 Necromancy


You had 4 spell levels left.
You knew the following spells:

 Your Spells              Type           Power      Damage    Failure   Level
a - Necrotise             Necr           56%        1d6       3%          1

Your spell library contained the following spells:

 Spells                   Type           Power      Damage    Failure   Level
 Vampiric Draining        Necr           14%        2d7       11%         3
 Animate Dead             Necr           14%        N/A       36%         4
 Agony                    Necr           14%        N/A       71%         5


Dungeon Overview and Level Annotations

Branches:
Dungeon (1/15)

Altars:


Innate Abilities, Weirdness & Mutations

You are immune to poison.
Your flesh is cold resistant. (rC+)
You are immune to negative energy. (rN+++)
You are immune to unholy pain and torment.
You are vulnerable to heat. (rF-)
You do not drink.
You have a special connection with the divine. (Faith)


Message History

The rat barely misses your rat skeleton.
Your ball python skeleton barely misses the goblin.
Your ball python skeleton grabs the goblin.
Your ball python skeleton constricts the goblin.
The goblin struggles to escape constriction.
Unknown command.
Throw: 6 javelins
Press: ? - help, Q - select action, (/) - cycle Shift-Dir - straight line, f - ball python
Aim: a ball python (52% to hit)
You throw a javelin.
The javelin barely misses the ball python.
The javelin pierces through the endoplasm.
The endoplasm is lightly wounded.
The javelin pierces through the goblin.
You kill the goblin!
The ball python bites you. The ball python grabs you.
The ball python constricts you.
Your rat skeleton barely misses the rat.
The ball python closely misses you. The ball python constricts you.
The hobgoblin hits you.
* * * LOW HITPOINT WARNING * * *
The rat bites your rat skeleton.
Unknown command.
The ball python's grasp on you weakens, but your attempt to escape fails.
The ball python bites you.
* * * LOW HITPOINT WARNING * * *
The ball python constricts you.
* * * LOW HITPOINT WARNING * * *
The hobgoblin barely misses you. The rat bites your rat skeleton.
The endoplasm hits you but does no damage.
Your ball python skeleton bites the endoplasm but does no damage.
Your rat skeleton barely misses the rat.
Unknown command.
You escape the ball python's grasp.
The rat bites your rat skeleton.
Your rat skeleton is destroyed!
Unknown command.
The endoplasm attacks as you move away! The endoplasm misses you.
The ball python attacks as you move away!
The ball python closely misses you. The endoplasm hits you.
You die...

..........
.....(..##
#.#..... #
#...)... .#
#.....###.###
#...r.......#
#.Z.......#.#
##.####J#......)#
#.....@Sg....##.#
#..####.#..#.# #
#.....#.#
#..#.##.#
#..#.##.#
#..#.##.#
#.......#
#..#.#.####.## #
#. #........


You could see an endoplasm, a hobgoblin, a ball python (ally target), a rat and
a friendly ball python skeleton.

Vanquished Creatures
  A giant cockroach (D:1)
  A goblin (D:1)
  A quokka (D:1)
  A ball python (D:1)
  2 rats (D:1)
6 creatures vanquished.

Vanquished Creatures (collateral kills)
  A ball python (D:1)
1 creature vanquished.

Grand Total: 7 creatures vanquished

Notes
Turn   | Place    | Note
-------+----------+-------------------------------------------
     0 | D:1      | olmar the Mummy Necromancer began the quest for the Orb.
     0 | D:1      | Reached XP level 1. HP: 13/13 MP: 4/4
   203 | D:1      | Slain by an endoplasm

Illustrated notes

Levels and vault maps discovered:
D:1:      dpeg_arrival_more_subterranean_lakeside_camping, layout_basic

Action                     || total
---------------------------++-------
  Melee: Unarmed           ||     2
  Throw: Javelin           ||     1
   Cast: Necrotise         ||    11
 Armour: Robe              ||     3
  Dodge: Dodged            ||     7
